 Dungeon Sprint DCSS version 0.30.1-11-g7821555f0a (webtiles) character file.

Game seed: 10354979573428183173

75798 Heoruswealwe the Minotaur Porcupine (level 15, 0/170 HPs)
             Began as a Minotaur Fighter on Nov 1, 2023.
             Was an Initiate of Gozag.
             Slain by a vampire knight
             ... wielding a +2 great mace
              (9 damage)
             ... in the Dungeon (Sprint IX: "|||||||||||||||||||||||||||||").
             The game lasted 00:49:46 (4671 turns).

Heoruswealwe the Minotaur Porcupine (MiFi)          Turns: 4671, Time: 00:49:46

Health: 0/170      AC: 31    Str: 31    XL:     15   Next: 10%
Magic:  14/14      EV: 15    Int:  8    God:    Gozag
Gold:   3014       SH:  0    Dex: 10    Spells: 14/14 levels left

rFire   . . .        b - +5 bardiche (freeze)
rCold   + + .        (shield currently unavailable)
rNeg    . . .        c - +9 chain mail "Xeca" {Regen+ Str+3}
rPois   +            (helmet restricted)
rElec   .            h - scarf {repulsion}
rCorr   .            f - +0 pair of gloves
SInv    .            e - +1 pair of boots
Will    +++..        (no amulet) Stlth
                     k - ring of the Lachrymose God {rC+ Will+ Dex+4}
HPRegen 1.28/turn    j - ring "Linapt" {rPois rC+ Will+ Int+3 Dex-4}
MPRegen 0.14/turn

%: no teleportation, repel missiles
@: gold aura
A: horns 2, retaliatory headbutt
a: Renounce Religion, Potion Petition, Call Merchant, Bribe Branch


You were in the Dungeon.
You worshipped Gozag.
Gozag was most pleased with you.
You visited 1 branch You collected 17301 gold pieces.
You spent 6486 gold pieces at shops.
You paid 7801 gold pieces to Gozag.

Inventory:

Hand Weapons
 a - a +0 trident of venom
 b - a +5 bardiche of freezing (weapon)
 s - the +8 Wrath of Trog {antimagic, *Rage Rampage}
   (You bought it in a shop in the Dungeon)

   It causes slowness and exhaustion when equipped.
   It extends the wielder's berserk rage when killing foes.
   *Rage:     It berserks you when you make melee attacks (+50% chance).
   Rampage:   It bestows one free step when moving towards enemies.
Armour
 c - the +9 chain mail "Xeca" (worn) {Regen+ Str+3}
   (You found it in the Dungeon)

   Str:       It affects your strength (+3).
   Regen:     It increases your rate of health regeneration.
 d - a +2 buckler of fire resistance
 e - a +1 pair of boots (worn)
 f - a +0 pair of gloves (worn)
 h - a scarf of repulsion (worn)
 y - the +4 skin of Zhor {*Englaciate rC+++ SInv}
   (You bought it in a shop in the Dungeon)

   *Englaciate: It radiates cold, occasionally slowing all nearby creatures who
   are not resistant to cold.
   rC:        It renders you almost immune to cold.
   SInv:      It lets you see invisible.
Jewellery
 j - the ring "Linapt" (right hand) {rPois rC+ Will+ Int+3 Dex-4}
   (You bought it in a shop in the Dungeon)

   [ring of willpower]

   Int:       It affects your intelligence (+3).
   Dex:       It affects your dexterity (-4).
   rC:        It protects you from cold.
   rPois:     It protects you from poison.
   Will:      It increases your willpower.
 k - the ring of the Lachrymose God (left hand) {rC+ Will+ Dex+4}
   (You bought it in a shop in the Dungeon)

   [ring of protection from cold]

   Dex:       It affects your dexterity (+4).
   rC:        It protects you from cold.
   Will:      It increases your willpower.
Wands
 t - a wand of iceblast (10)
 u - a wand of mindburst (10)
 v - a wand of paralysis (2)
Scrolls
 o - 4 scrolls of identify
 p - a scroll of silence
 x - 2 scrolls of enchant armour
 z - 4 scrolls of blinking
Potions
 g - a potion of haste
 i - 2 potions of berserk rage
 l - a potion of mutation
 m - 2 potions of might
 r - 4 potions of curing
Miscellaneous
 w - a piece from Xom's chessboard (15/15)


   Skills:
 + Level 25.4 Fighting
 O Level 27 Polearms
 + Level 25.4 Armour
 + Level 14.7 Dodging
 + Level 16.4 Shields
 + Level 12.5 Evocations


You had 14 spell levels left.
You didn't know any spells.
Your spell library was empty.

Dungeon Overview and Level Annotations

Branches:
Dungeon (1/1)

Altars:
Cheibriados
Dithmenos
Elyvilon
Fedhas
Gozag
Hepliaklqana
Kikubaaqudgha
Makhleb
Nemelex Xobeh
Okawaru
Qazlal
Ru
Sif Muna
Trog
Uskayaw
Vehumet
Wu Jian
Xom
Yredelemnul
Zin
The Shining One
Jiyva
Lugonu

Shops:
D (=(**?(*[(*


Innate Abilities, Weirdness & Mutations

You have a pair of horns on your head.
You reflexively headbutt those who attack you in melee.


Message History

* * * LOW HITPOINT WARNING * * *
Something bites you but does no damage. Something hits you!!
* * * LOW HITPOINT WARNING * * *
Something bites you but does no damage.
You barely miss something. Something hits you!
* * * LOW HITPOINT WARNING * * *
Something bites you but does no damage. The sphinx hits you but does no damage.
The sphinx misses you. The sphinx barely misses you.
Blink to where?
Press: ? - help, Dir - move target
As you read the scroll of blinking, it crumbles to dust.
You are confused.
You feel invigorated.
The sphinx is distracted by your dazzling golden aura.
You are no longer corroded.
Something hits you!!
* * * LOW HITPOINT WARNING * * *
Something bites you but does no damage.
You feel better.
You feel less invigorated. Something hits you.
* * * LOW HITPOINT WARNING * * *
Something barely misses you.
The sphinx shouts!
You hit something but do no damage. You headbutt something.
A vampire knight appears from thin air!
Reactivating autopickup.
The sphinx is no longer distracted by gold.
The vampire knight gestures wildly while chanting.
The vampire knight flickers and vanishes!
Deactivating autopickup; reactivate with Ctrl-A.
Something hits you!
* * * LOW HITPOINT WARNING * * *
Something bites you but does no damage.
You feel better. Something hits you.
* * * LOW HITPOINT WARNING * * *
Something bites you but does no damage.
You hit something but do no damage. Something hits you.
* * * LOW HITPOINT WARNING * * *
Something bites you!
You die...
Your body crumbles into a pile of gold.

,*,*,*,*,*,*,*,▓.▓.▓.▓.▓[▓.▓)▓.▓'
,*,*,*,*,*,*,*,▓.▓.▓)▓.▓.▓.▓)▓.▓.
,*,*,*,*,*,*,*,▓.▓.▓.▓.▓.▓.▓[▓.▓.
,*,*,*,*,*,*,*,▓.▓.▓)▓.▓.▓.▓)▓.▓.
,*,*,*,*+*,*,*,▓.▓.♣)♣.▓.▓.▓.▓.▓.
,*,*+*,*,*,*,*,▓'▓.♣.♣)▓.▓.▓.▓.▓.
,*,*,*,*,*,*,*,▓$▓.♣)♣.▓?▓.▓.▓.▓.
,*,*,*,*,*,*,*,▓$▓.♣.♣.▓?▓.▓.▓.▓.
,*,*,*,*,*,*,*,▓@▓.♣)♣.▓.▓.▓.▓.▓.
,*,*,*,*,*,*,*,▓{▓.♣.♣.▓.▓.▓'▓.▓.
,*,*,*,*,*,*,*,▓$▓.♣.♣.▓.▓.▓[▓.▓'
,*,*,*,*,*,*,*,▓$▓.♣.♣.▓'▓.▓!▓.▓.
,*,*,*,*,*,*,*,▓$▓.♣.♣.▓)▓.▓.▓.▓.
,*,*,*,*,*,*,*,▓H▓)♣.♣.▓.▓.▓.▓.▓.
,*,*,*,*,*,*,*,▓c▓.▓'▓.▓)▓.▓.▓.▓.
,*,*,*,*,*,*,*,▓$▓.▓[▓.▓.▓.▓∩▓.▓.
,*,*,*,*,*,*,*,▓$▓.▓.▓.▓.▓.▓.▓.▓.


You could see a sphinx and a yaktaur captain.

Vanquished Creatures
  An ancient lich (D)
  Rupert (D)
  A lich (D)
  An Orb Guardian (D)
  Frances (D)
  Agnes (D)
  2 tengu reavers (D)
  A fire giant (D)
  An emperor scorpion (D)
  A vault warden (D)
  A ghost moth (D)
  3 very ugly things (D)
  2 ironbound preservers (D)
  3 stone giants (D)
  An ironbound thunderhulk (D)
  A black draconian (D)
  Azrael (D)
  3 ettins (D)
  Josephine (D)
  3 entropy weavers (D)
  A merfolk impaler (D)
  2 ice dragons (D)
  3 ogre magi (D)
  A spriggan air mage (D)
  A jorogumo (D)
  Erica (D)
  A boulder beetle (D)
  A radroach (D)
  An alligator (D)
  An ironbound frostheart (D)
  A death yak (D)
  A two-headed ogre (D)
  2 orc high priests (D)
  2 satyrs (D)
  A deep troll shaman (D)
  A naga sharpshooter (D)
  2 shock serpents (D)
  Sonja (D)
  A skeletal warrior (D)
  An orb spider (shapeshifter) (D)
  4 spriggan druids (D)
  3 skysharks (D)
  2 sea snakes (D)
  A swamp dragon (D)
  6 deep trolls (D)
  3 glowing orange brains (D)
  5 ironbound convokers (D)
  2 wizards (D)
  A harpy (D)
  3 necromancers (D)
  4 lindwurms (D)
  3 orc knights (D)
  5 ugly things (D)
  2 cyclopes (D)
  3 manticores (D)
  A will-o-the-wisp (D)
  2 wolf spiders (D)
  Maurice (D)
  A water nymph (D)
  A guardian serpent (D)
  2 black mambas (D)
  A vault sentinel (D)
  2 naga magi (D)
  2 cane toads (D)
  A guardian mummy (D)
  2 komodo dragons (D)
  A tengu conjurer (D)
  A meliai (D)
  A merfolk (D)
  A bloated husk (D)
  4 trolls (D)
  A tarantella (D)
  2 tyrant leeches (D)
  A culicivora (D)
  4 wraiths (D)
  4 yaks (D)
  2 wyverns (D)
  4 fire elementals (D)
  A vampire mosquito (D)
  A naga (D)
  2 water moccasins (D)
  2 hell hounds (D)
  10 orc warriors (D)
  A boggart (D)
  3 wolves (D)
  A bullfrog (D)
  2 killer bees (D)
  A howler monkey (D)
  2 orc priests (D)
  A hound (D)
  2 iguanas (D)
  3 orc wizards (D)
  A gnoll (D)
  3 worms (D)
  9 orcs (D)
  An endoplasm (D)
  A giant cockroach (D)
  A quokka (D)
  A kobold (D)
194 creatures vanquished.

Vanquished Creatures (others)
  A boulder beetle (D)
  A foxfire (D)
2 creatures vanquished.

Grand Total: 196 creatures vanquished

Notes
Turn   | Place    | Note
-------+----------+-------------------------------------------
     0 | D        | Heoruswealwe the Minotaur Fighter began the quest for the
                  | Orb.
     0 | D        | Reached XP level 1. HP: 19/19 MP: 0/0
     8 | D        | Reached skill level 3 in Polearms
    15 | D        | Reached skill level 4 in Polearms
    15 | D        | Reached XP level 2. HP: 9/28 MP: 1/1
   101 | D        | Reached skill level 5 in Fighting
   101 | D        | Reached skill level 6 in Polearms
   101 | D        | Reached skill level 5 in Armour
   101 | D        | Reached XP level 3. HP: 32/36 MP: 2/2
   109 | D        | Reached skill level 7 in Polearms
   109 | D        | Reached XP level 4. HP: 36/44 MP: 3/3
   123 | D        | Reached skill level 8 in Polearms
   129 | D        | Found a snail-covered altar of Cheibriados.
   129 | D        | Found a shadowy altar of Dithmenos.
   129 | D        | Found a white marble altar of Elyvilon.
   129 | D        | Found a blossoming altar of Fedhas.
   129 | D        | Found an opulent altar of Gozag.
   130 | D        | Found a hazy altar of Hepliaklqana.
   131 | D        | Found a viscous altar of Jiyva.
   132 | D        | Found an ancient bone altar of Kikubaaqudgha.
   133 | D        | Found a corrupted altar of Lugonu.
   134 | D        | Found a burning altar of Makhleb.
   135 | D        | Found a sparkling altar of Nemelex Xobeh.
   136 | D        | Found an iron altar of Okawaru.
   137 | D        | Found a stormy altar of Qazlal.
   139 | D        | Became a worshipper of Gozag Ym Sagoz the Greedy
   141 | D        | Found a sacrificial altar of Ru.
   142 | D        | Found a shimmering blue altar of Sif Muna.
   143 | D        | Found a bloodstained altar of Trog.
   144 | D        | Found a hide-covered altar of Uskayaw.
   145 | D        | Found a radiant altar of Vehumet.
   146 | D        | Found an ornate altar of the Wu Jian Council.
   147 | D        | Found a shimmering altar of Xom.
   148 | D        | Found a basalt altar of Yredelemnul.
   149 | D        | Found a glowing silver altar of Zin.
   150 | D        | Found a glowing golden altar of the Shining One.
   204 | D        | Noticed an orc warrior
   204 | D        | Noticed a yak
   204 | D        | Noticed an orc warrior
   204 | D        | Noticed a yak
   212 | D        | Reached skill level 9 in Polearms
   212 | D        | Reached XP level 5. HP: 35/52 MP: 4/4
   219 | D        | Killed an orc warrior
   220 | D        | Reached skill level 10 in Polearms
   222 | D        | Killed a yak
   223 | D        | Reached skill level 12 in Polearms
   223 | D        | Reached XP level 6. HP: 39/63 MP: 5/5
   230 | D        | Killed an orc warrior
   234 | D        | Reached XP level 7. HP: 8/71 MP: 6/6
   236 | D        | Killed a yak
   237 | D        | Reached skill level 10 in Fighting
   237 | D        | Reached skill level 13 in Polearms
   237 | D        | Reached skill level 10 in Armour
   399 | D        | Noticed a two-headed ogre
   399 | D        | Noticed a cyan ugly thing
   399 | D        | Noticed a cyclops
   399 | D        | Noticed a brown ugly thing
   399 | D        | Noticed a manticore
   405 | D        | Killed a two-headed ogre
   406 | D        | Reached skill level 15 in Polearms
   406 | D        | Reached XP level 8. HP: 78/82 MP: 7/7
   410 | D        | Killed a cyan ugly thing
   411 | D        | Reached skill level 16 in Polearms
   413 | D        | Killed a cyclops
   414 | D        | Reached XP level 9. HP: 53/92 MP: 8/8
   418 | D        | Killed a brown ugly thing
   419 | D        | Reached skill level 17 in Polearms
   425 | D        | Killed a manticore
   426 | D        | Reached skill level 18 in Polearms
   628 | D        | Noticed Erica
   645 | D        | Killed Erica
   900 | D        | Noticed a komodo dragon
   900 | D        | Noticed a cane toad
   904 | D        | Noticed a cane toad
   908 | D        | Reached skill level 19 in Polearms
   920 | D        | Killed a komodo dragon
   921 | D        | Reached XP level 10. HP: 99/104 MP: 9/9
   925 | D        | Killed a cane toad
   932 | D        | Killed a cane toad
   933 | D        | Reached skill level 20 in Polearms
   979 | D        | Noticed a death yak
   979 | D        | Noticed a skyshark
   984 | D        | Reached skill level 15 in Fighting
   984 | D        | Reached skill level 15 in Armour
   990 | D        | Noticed a skyshark
   992 | D        | Killed a death yak
  1004 | D        | Killed a skyshark
  1005 | D        | Reached skill level 21 in Polearms
  1025 | D        | Killed a skyshark
  1030 | D        | Noticed a skyshark
  1041 | D        | Killed a skyshark
  1042 | D        | Reached XP level 11. HP: 37/114 MP: 10/10
  1238 | D        | Noticed a lindwurm
  1238 | D        | Noticed a lindwurm
  1238 | D        | Noticed a lindwurm
  1239 | D        | Noticed a lindwurm
  1242 | D        | Killed a lindwurm
  1243 | D        | Reached skill level 22 in Polearms
  1249 | D        | Killed a lindwurm
  1267 | D        | Killed a lindwurm
  1275 | D        | Killed a lindwurm
  1614 | D        | Noticed an orc knight
  1620 | D        | Noticed an orc high priest
  1622 | D        | Noticed an orc knight
  1625 | D        | Killed an orc knight
  1626 | D        | Reached skill level 23 in Polearms
  1633 | D        | Noticed a sixfirhy
  1650 | D        | Killed an orc high priest
  1656 | D        | Killed an orc knight
  1907 | D        | Noticed an orc knight
  1914 | D        | Noticed an orc high priest
  1925 | D        | Killed an orc knight
  1941 | D        | Killed an orc high priest
  1949 | D        | Reached skill level 24 in Polearms
  2187 | D        | Found Nyketuin's Antique Weapon Emporium.
  2187 | D        | Noticed a deep troll
  2187 | D        | Noticed an ogre mage
  2187 | D        | Noticed a deep troll
  2187 | D        | Noticed a deep troll
  2190 | D        | Killed a deep troll
  2192 | D        | Noticed a deep troll
  2193 | D        | Killed an ogre mage
  2199 | D        | Killed a deep troll
  2201 | D        | Killed a deep troll
  2208 | D        | Reached XP level 12. HP: 92/128 MP: 11/11
  2215 | D        | Reached skill level 25 in Polearms
  2476 | D        | Found Nudgh's Assorted Antiques.
  2480 | D        | Found Vaqu's Assorted Antiques.
  2484 | D        | Found Fumys's Magic Scroll Shoppe.
  2487 | D        | Noticed an ogre mage
  2501 | D        | Noticed an ogre mage
  2510 | D        | Killed an ogre mage
  2521 | D        | Killed an ogre mage
  2604 | D        | Bought a scroll labelled ULYWUO ETORR for 24 gold pieces
  2606 | D        | Bought a scroll labelled LATRYRE VUCLAPN for 28 gold pieces
  2606 | D        | Bought a viscous green potion for 25 gold pieces
  2606 | D        | Bought a scroll of identify for 56 gold pieces
  2606 | D        | Bought a potion of berserk rage for 140 gold pieces
  2606 | D        | Bought a piece from Xom's chessboard (15/15) for 560 gold
                  | pieces
  2608 | D        | Bought a scroll of identify for 22 gold pieces
  2608 | D        | Bought a scroll of identify for 22 gold pieces
  2608 | D        | Bought a scroll of identify for 22 gold pieces
  2637 | D        | Bought a +3 bardiche of freezing for 431 gold pieces
  2670 | D        | Bought a scroll of silence for 123 gold pieces
  2670 | D        | Bought a potion of curing for 39 gold pieces
  2676 | D        | Bought a glowing cloak for 217 gold pieces
  2676 | D        | Bought an embroidered scarf for 232 gold pieces
  2721 | D        | Bought the +8 Wrath of Trog {antimagic, *Rage Rampage} for
                  | 2080 gold pieces
  2721 | D        | Found the +8 Wrath of Trog {antimagic, *Rage Rampage}
  2728 | D        | Bought a potion of lignification for 48 gold pieces
  2728 | D        | Bought a scroll of identify for 32 gold pieces
  2728 | D        | Bought a potion of curing for 48 gold pieces
  2728 | D        | Bought a scroll of identify for 32 gold pieces
  2728 | D        | Bought a wand of paralysis (2) for 76 gold pieces
  2728 | D        | Bought a scroll of blinking for 120 gold pieces
  2791 | D        | Noticed Sonja
  2797 | D        | Killed Sonja
  2937 | D        | Noticed Maurice
  2938 | D        | Noticed Josephine
  2943 | D        | Reached skill level 26 in Polearms
  2946 | D        | Killed Maurice
  2953 | D        | Killed Josephine
  3163 | D        | Got the +9 chain mail "Xeca" {Regen+ Str+3}
  3182 | D        | Noticed a boulder beetle
  3187 | D        | Noticed a boulder beetle
  3189 | D        | Killed a boulder beetle
  3197 | D        | Noticed an ettin
  3202 | D        | Noticed a red very ugly thing
  3210 | D        | Reached skill level 27 in Polearms
  3214 | D        | Killed a red very ugly thing
  3215 | D        | Noticed an ettin
  3216 | D        | Noticed a tengu reaver
  3217 | D        | Killed an ettin
  3218 | D        | Noticed an ice dragon
  3223 | D        | Noticed an ettin
  3227 | D        | Killed an ettin
  3230 | D        | Killed a boulder beetle
  3236 | D        | Killed a tengu reaver
  3237 | D        | Reached skill level 1 in Evocations
  3237 | D        | Reached XP level 13. HP: 87/143 MP: 12/12
  3247 | D        | Killed an ettin
  3248 | D        | Reached skill level 5 in Shields
  3419 | D        | Bought the +4 skin of Zhor {*Englaciate rC+++ SInv} for
                  | 1064 gold pieces
  3419 | D        | Found the +4 skin of Zhor {*Englaciate rC+++ SInv}
  3559 | D        | Noticed Rupert
  3560 | D        | Paralysed by Rupert for 5 turns
  3571 | D        | Killed Rupert
  3641 | D        | Noticed Frances
  3649 | D        | Killed Frances
  3682 | D        | Noticed Agnes
  3686 | D        | Killed Agnes
  3687 | D        | Reached skill level 5 in Dodging
  3777 | D        | Noticed a merfolk impaler
  3796 | D        | Reached skill level 5 in Evocations
  3812 | D        | Killed a merfolk impaler
  3974 | D        | Reached skill level 10 in Shields
  4053 | D        | Paralysed by a jorogumo for 3 turns
  4066 | D        | Killed a ghost moth
  4075 | D        | Reached XP level 14. HP: 42/157 MP: 1/13
  4079 | D        | Reached skill level 10 in Dodging
  4173 | D        | Bought the ring "Linapt" {rPois rC+ Will+ Int+3 Dex-4} for
                  | 493 gold pieces
  4218 | D        | Noticed Azrael
  4229 | D        | Killed Azrael
  4271 | D        | Bought the ring of the Lachrymose God {rC+ Will+ Dex+4} for
                  | 552 gold pieces
  4278 | D        | Noticed an emperor scorpion
  4303 | D        | Killed an emperor scorpion
  4386 | D        | Noticed a stone giant
  4391 | D        | Killed a stone giant
  4401 | D        | Noticed a fire giant
  4433 | D        | Killed a fire giant
  4435 | D        | Noticed a tengu reaver
  4442 | D        | Noticed a purple very ugly thing
  4453 | D        | Killed a tengu reaver
  4454 | D        | Reached skill level 10 in Evocations
  4464 | D        | Killed a purple very ugly thing
  4465 | D        | Noticed a lich
  4469 | D        | Noticed a stone giant
  4470 | D        | Noticed a stone giant
  4476 | D        | Killed a lich
  4483 | D        | Killed a stone giant
  4488 | D        | Killed a stone giant
  4552 | D        | Noticed a brown very ugly thing
  4552 | D        | Noticed an ironbound preserver
  4552 | D        | Noticed a vault warden
  4562 | D        | Killed a brown very ugly thing
  4565 | D        | Killed an ironbound preserver
  4572 | D        | Killed a vault warden
  4573 | D        | Noticed an ironbound preserver
  4596 | D        | Noticed an Orb Guardian
  4600 | D        | Killed an Orb Guardian
  4601 | D        | Reached skill level 15 in Shields
  4602 | D        | Killed an ironbound preserver
  4613 | D        | Noticed an ironbound thunderhulk
  4627 | D        | Killed an ironbound thunderhulk
  4629 | D        | Noticed a sphinx
  4631 | D        | Noticed a vampire knight
  4631 | D        | Noticed an ancient lich
  4638 | D        | Reached XP level 15. HP: 64/169 MP: 14/14
  4660 | D        | Killed an ancient lich
  4667 | D        | HP: 3/170 [something (25)]
  4671 | D        | Slain by a vampire knight

Illustrated notes

Levels and vault maps discovered:
D:        linesprint [early_d, line_temple, items_1, d_10, items_2, lair_1,
          lair_end, items_3, orc_1, orc_end, items_4, d_15, swamp_1, shoals_1,
          snake_1, spider_1, d_20, vaults_1, items_5, swamp_end, shoals_end,
          snake_end, spider_end, vaults_end, d_27, items_6, zot_1, zot_end,
          crypt_end, forest_end, elf_end, slime_end, tomb_end, abyss_end,
          pan_hell_end]

Skill      XL: |  1  2  3  4  5  6  7  8  9 10 11 12 13 14 15 |
---------------+----------------------------------------------+-----
Polearms       | 4 6 7 9 12 15 16 19 21 24 27 | 27.0
Fighting       | 4 5 6 7 9 11 12 14 16 18 21 23 25 | 25.4
Armour         | 4 5 6 7 9 11 12 14 16 18 21 23 25 | 25.4
Dodging        | 2 9 14 | 14.7
Shields        | 4 11 15 16 | 16.4
Evocations     | 1 8 12 | 12.5

Action                     |  1- 3 |  4- 6 |  7- 9 | 10-12 | 13-15 || total
---------------------------+-------+-------+-------+-------+-------++-------
  Melee: Trident           |    24 |    14 |       |       |       ||    38
         Headbutt          |     3 |     6 |     9 |    57 |    60 ||   135
         Halberd           |       |    22 |    49 |   237 |       ||   308
         Bardiche          |       |       |       |    70 |   306 ||   376
 Invoke: Call Merchant     |       |       |       |     5 |     2 ||     7
    Use: Potion            |       |     3 |     3 |     4 |    10 ||    20
         Scroll            |       |       |       |     6 |     1 ||     7
   Stab: Distracted        |       |       |       |     3 |     3 ||     6
 Armour: Scale mail        |    14 |     2 |       |       |       ||    16
         Ring mail         |       |     3 |     1 |       |       ||     4
         Plate armour      |       |       |    20 |   112 |       ||   132
         Chain mail        |       |       |       |    19 |   132 ||   151
  Dodge: Dodged            |     4 |    19 |     6 |    67 |    83 ||   179
         Repelled          |       |       |       |       |     1 ||     1
  Block: Buckler           |     3 |     3 |       |       |       ||     6
